 Dungeon Crawl Stone Soup version 0.31-a0-986-g5e6e4ef867 (webtiles) character file.

Game seed: 11989757990807576635

11008 D12ThenQuit the Geomancer (level 11, 0/70 HPs)
             Began as an Octopode Gladiator on Nov 7, 2023.
             Was a Priest of Vehumet.
             Slain by a killer bee (10 damage)
             ... on level 1 of the Lair of Beasts on Nov 8, 2023.
             The game lasted 00:32:41 (11616 turns).

D12ThenQuit the Geomancer (Octopode Gladiator)     Turns: 11616, Time: 00:32:41

Health: 0/70       AC:  1    Str: 15    XL:     11   Next: 71%
Magic:  20/29      EV: 16    Int: 14    God:    Vehumet [***...]
Gold:   141        SH:  0    Dex: 21    Spells: 8/22 levels left

rFire   + . .        z - +7 morningstar of Turmoil {drain, *Slow Dex+6}
rCold   . . .        (no shield)
rNeg    . . .        b - +0 hat
rPois   +            o - amulet of regeneration
rElec   .            y - ring "Niuk" {rPois rF+ Str+2}
rCorr   .            I - ring of magical power
SInv    .            (no ring)
Will    ++...        (no ring)
Stlth   ++++         (no ring)
HPRegen 1.11/turn    (no ring)
MPRegen 0.21/turn    (no ring)
                     (no ring)

%: slow self (1%), clarity
@: about to teleport, enlightened, flying
A: almost no armour, amphibious, 8 rings, camouflage 2, gelatinous body 1,
(nimble swimmer 1), tentacles, clarity, strong-willed 1
a: Renounce Religion


You were on level 1 of the Lair of Beasts.
You worshipped Vehumet.
Vehumet was most pleased with you.
You visited 3 branches of the dungeon, and saw 13 of its levels.
You also visited: Sewer.

You collected 741 gold pieces.
You spent 600 gold pieces at shops.

Inventory:

Hand Weapons
 a - a +1 quarterstaff
 z - the +7 morningstar of Turmoil (weapon) {drain, *Slow Dex+6}
   (You found it on level 4 of the Dungeon)

   Dex+6:     It affects your dexterity (+6).
   *Slow:     It may slow you when you take damage.
Missiles
 c - 3 throwing nets
 d - a javelin
 m - 2 curare-tipped darts (quivered)
 A - 33 poisoned darts
Armour
 b - a +0 hat (worn)
 N - a +2 buckler of protection
Jewellery
 o - an amulet of regeneration (around mantle)
 y - the ring "Niuk" (left tentacle) {rPois rF+ Str+2}
   (You acquired it on level 7 of the Dungeon)

   [ring of poison resistance]

   Str+2:     It affects your strength (+2).
   rF+:       It protects you from fire.
   rPois:     It protects you from poison
 I - a ring of magical power (right tentacle)
 M - a ring of flight
Wands
 G - a wand of acid (22)
 L - a wand of digging (1)
Scrolls
 f - 2 scrolls of poison
 h - 5 scrolls of teleportation
 i - 2 scrolls of fear
 j - a scroll of noise
 p - 3 scrolls of vulnerability
 r - a scroll of immolation
 u - a scroll of enchant armour {unknown}
 C - 3 scrolls of enchant weapon
 D - 3 scrolls of amnesia {unknown}
 E - a scroll of brand weapon
 F - a scroll of revelation {unknown}
 K - a scroll of identify
Potions
 e - a potion of cancellation
 g - 5 potions of brilliance
 k - 3 potions of haste {unknown}
 l - 3 potions of mutation
 n - 2 potions of degeneration {unknown}
 s - 3 potions of enlightenment
 t - 2 potions of might {unknown}
 v - 4 potions of attraction {unknown}
 w - 5 potions of curing
 x - a potion of lignification {unknown}
 B - 2 potions of berserk rage {unknown}
 H - 2 potions of ambrosia
 J - a potion of invisibility {unknown}


   Skills:
 - Level 4.7 Fighting
 - Level 3.0 Staves
 - Level 2.0 Throwing
 - Level 5.2 Dodging
 + Level 6.3 Spellcasting
 + Level 9.9 Conjurations
 - Level 5.0 Translocations
 - Level 11.0 Earth Magic


You had 8 spell levels left.
You knew the following spells:

 Your Spells              Type           Power      Damage    Failure   Level
a - Sandblast             Erth           70%        2d15      1%          1
b - Iskenderun's Mystic   Conj/Tloc      25%        2d7       1%          4
c - Brom's Barrelling Bo  Conj/Erth      33%        2d5       1%          4
d - Stone Arrow           Conj/Erth      66%        3d11      1%          3
e - Passwall              Tmut/Erth      15%        N/A       2%          2

Your spell library contained the following spells:

 Spells                   Type           Power      Damage    Failure   Level
 Poisonous Vapours        Pois/Air       8%         N/A       6%          2
 Hailstorm                Conj/Ice       18%        3d6       1%          3
 Volatile Blastmotes      Fire/Tloc      22%        2d11      4%          3
 Fulminant Prism          Conj/Hex       9%         3d7       5%          4
 Summon Guardian Golem    Hex/Summ       4%         N/A       41%         3
 Tukima's Dance           Hex            4%         N/A       41%         3
 Orb of Destruction       Conj           16%        9d7       45%         7
 Dimensional Bullseye     Hex/Tloc       5%         N/A       47%         4
 Summon Ice Beast         Ice/Summ       4%         N/A       83%         4
 Spellforged Servitor     Conj/Summ      9%         N/A       98%         7
 Simulacrum               Ice/Necr       2%         N/A       100%        6


Dungeon Overview and Level Annotations

Branches:
Dungeon (11/15)            Temple (1/1) D:4            Lair (1/5) D:10
    Orc (0/2) D:10          Sewer (visited)

Altars:
Ashenzari
Cheibriados
Dithmenos
Elyvilon
Fedhas
Gozag
Hepliaklqana
Kikubaaqudgha
Makhleb
Nemelex Xobeh
Okawaru
Qazlal
Ru
Sif Muna
Trog
Uskayaw
Vehumet
Wu Jian
Xom
Yredelemnul
Zin
The Shining One

Shops:
D:5 (   D:10 :

Annotations:
D:5 exclusion: sky beast
D:7 Prince Ribbit
D:8 Gastronok


Innate Abilities, Weirdness & Mutations

You cannot wear most types of armour.
You are amphibious.
You can wear up to eight rings at the same time.
Your skin blends seamlessly with your surroundings (Stealth++).
Your rubbery body absorbs attacks. (AC +1, EV +1)
((You are camouflaged when in or above water. (Stealth+)))
You have tentacles for arms and can constrict up to eight enemies at once.
You possess an exceptional clarity of mind.
You are strong-willed. (Will+)


Message History

The mystic blast hits the killer bee!
The killer bee is severely wounded.
The killer bee is knocked back by the mystic blast.
The killer bee collides with the queen bee!
The queen bee is lightly wounded.
The killer bee is almost dead.
The mystic blast hits the killer bee!
You kill the killer bee!
Vehumet accepts your kill.
The mystic blast hits the killer bee.
You kill the killer bee!
Vehumet accepts your kill. The killer bee stings you!
* * * LOW HITPOINT WARNING * * *
The killer bee misses you. The killer bee barely misses you.
Blink to where?
Press: ? - help, Dir - move target
As you read the scroll of blinking, it crumbles to dust.
Okay, then.
Unknown command.
Okay, then.
As you read the scroll of teleportation, it crumbles to dust.
You feel strangely unstable.
The killer bee rages.
Casting: Iskenderun's Mystic Blast (dangerous; 1% risk of failure)
Confirm with . or Enter, or press ? or * to list all spells.
You erupt in a blast of force!
The mystic blast hits the killer bee!
The killer bee is moderately wounded.
The killer bee is knocked back by the mystic blast.
The killer bee collides with the killer bee!
You kill the killer bee!
Vehumet accepts your kill.
You feel your power returning.
The killer bee is heavily wounded.
The killer bee barely misses you. The killer bee stings you!
* * * LOW HITPOINT WARNING * * *
It was a potion of enlightenment.
You feel very buoyant.
You fly up into the air.
The killer bee misses you. The killer bee stings you!
You die...

.####....#.##..........
..................P...
.#..P.............P...
.####.............###
.# #..#.####......# .#
#....# ##.#.#.###P .#
#....## #..........
.###.....####.#.#######
###.....#.......@..## #
#.....P.......y..P##P#
##....................
#............y.......
###.##.......y..##P.#
##.....#####........
#.###..#.††#y....... #
### #..#!y.y........ ##
##..#.y†#........


You could see 5 killer bees.

Vanquished Creatures
  A death knight (D:9)
  Erica (D:9)
  Pikel (D:5)
  An elephant (D:9)
  A gargoyle (D:10)
  2 cane toads (Lair:1)
  A komodo dragon (Lair:1)
  A kobold demonologist (D:9)
  3 trolls
  A hornet (D:8)
  4 blink frogs (Lair:1)
  A wyvern (D:9)
  A shadow (D:10)
  2 basilisks (D:10)
  2 yaks
  A steam dragon (D:9)
  2 acid dragons
  3 ice beasts (D:6)
  3 orc warriors
  Pargi (Sewer)
  An ogre (D:5)
  5 centaurs
  A lemure (D:5)
  2 phantoms
  6 kobold brigands
  2 scorpions
  5 bullfrogs
  21 wights
  17 killer bees
  An electric eel (D:9)
  3 howler monkeys
  A crimson imp (D:7)
  2 orc priests (D:10)
  A hound (D:6)
  A gnoll bouda (D:8)
  Jessica (D:2)
  4 iguanas
  11 orc wizards
  8 gnolls
  9 adders
  2 ufetubi (D:6)
  2 worms
  2 dart slugs (D:3)
  13 orcs
  7 bats
  5 endoplasms
  4 giant cockroaches
  7 hobgoblins
  13 jackals
  16 kobolds
  5 quokkas
  5 ball pythons
  4 frilled lizards
  5 goblins
  9 rats
234 creatures vanquished.

Vanquished Creatures (collateral kills)
  A boulder (D:9)
1 creature vanquished.

Vanquished Creatures (others)
  3 boulders
3 creatures vanquished.

Grand Total: 238 creatures vanquished

Notes
Turn   | Place    | Note
-------+----------+-------------------------------------------
     0 | D:1      | D12ThenQuit the Octopode Gladiator began the quest for the
                  | Orb.
     0 | D:1      | Reached XP level 1. HP: 14/14 MP: 1/1
   108 | D:1      | Found a faded altar of an unknown god.
   234 | D:1      | Reached XP level 2. HP: 20/20 MP: 2/2
   808 | D:2      | Reached XP level 3. HP: 24/25 MP: 3/3
   832 | D:2      | Noticed Jessica
   838 | D:2      | Killed Jessica
   986 | D:2      | Reached XP level 4. HP: 30/31 MP: 4/4
  1827 | D:3      | Noticed a phantom
  2094 | D:3      | You fall into a shaft and drop 2 floors!
  2094 | D:5      | Entered Level 5 of the Dungeon
  2161 | D:5      | Found a hazy altar of Hepliaklqana.
  2162 | D:5      | Found a shimmering altar of Xom.
  2162 | D:5      | Noticed a tentacled monstrosity
  2163 | D:5      | Noticed a spectral ugly thing
  2163 | D:5      | Noticed a tentacled monstrosity
  2187 | D:5      | Reached XP level 5. HP: 37/37 MP: 5/5
  2756 | D:4      | Identified the +7 morningstar of Turmoil {drain, *Slow
                  | Dex+6}
  2909 | D:4      | Noticed a kobold brigand
  2917 | D:4      | Killed a kobold brigand
  2937 | D:4      | Found a staircase to the Ecumenical Temple.
  2953 | D:4      | Reached skill level 5 in Dodging
  2970 | Temple   | Entered the Ecumenical Temple
  3131 | D:4      | Learned a level 1 spell: Sandblast
  3356 | D:5      | Noticed an ogre
  3367 | D:5      | Killed an ogre
  3368 | D:5      | Reached XP level 6. HP: 44/44 MP: 5/9
  3390 | D:5      | Noticed a sky beast
  3417 | D:5      | Reached skill level 1 in Earth Magic
  3516 | D:4      | Reached skill level 2 in Earth Magic
  3516 | D:4      | Reached XP level 7. HP: 30/49 MP: 10/10
  3744 | D:5      | Noticed Pikel
  3753 | D:5      | Killed Pikel
  3754 | D:5      | Reached skill level 5 in Earth Magic
  3754 | D:5      | Reached XP level 8. HP: 34/54 MP: 11/11
  3772 | D:5      | Found Oggiabek's Weapon Shop.
  4145 | D:6      | Reached skill level 6 in Earth Magic
  4211 | D:6      | Learned a level 3 spell: Stone Arrow
  4393 | D:6      | Reached skill level 1 in Conjurations
  4414 | D:6      | Reached skill level 7 in Earth Magic
  4433 | D:6      | Found a glowing drain.
  4449 | Sewer    | Entered a sewer
  4463 | Sewer    | Noticed Pargi
  4476 | Sewer    | Killed Pargi
  4793 | D:6      | Reached skill level 8 in Earth Magic
  4793 | D:6      | Reached XP level 9. HP: 54/59 MP: 12/12
  4888 | D:6      | Found an ancient bone altar of Kikubaaqudgha.
  4892 | D:6      | Found a radiant altar of Vehumet.
  4895 | D:6      | Found a bloodstained altar of Trog.
  4899 | D:6      | Became a worshipper of Vehumet
  5045 | D:6      | Found a glowing golden altar of the Shining One.
  5139 | D:7      | Reached skill level 5 in Conjurations
  5324 | D:7      | Found a hide-covered altar of Uskayaw.
  5463 | D:7      | Reached skill level 9 in Earth Magic
  5502 | D:7      | Found a snail-covered altar of Cheibriados.
  5509 | D:7      | Found a sacrificial altar of Ru.
  5559 | D:7      | Found the +3 robe of Clouds {*Thunder rCloud rElec}
  5568 | D:7      | Identified the +1 robe "Ihupsini" {Dex+3 Stlth+}
  5573 | D:7      | Found a shadowy altar of Dithmenos.
  5745 | D:7      | Noticed Prince Ribbit
  5870 | D:7      | Found a burning altar of Makhleb.
  5879 | D:7      | Identified a scroll of acquirement
  5880 | D:7      | Acquired the ring "Niuk" {rPois rF+ Str+2}
  6031 | D:8      | Learned a level 4 spell: Brom's Barrelling Boulder
  6122 | D:8      | Found an ornate altar of the Wu Jian Council.
  6122 | D:8      | Found a white marble altar of Elyvilon.
  6151 | D:8      | Noticed a hornet
  6159 | D:8      | Killed a hornet
  6184 | D:8      | Reached * piety under Vehumet
  6184 | D:8      | Offered knowledge of Freeze by Vehumet.
  6578 | D:8      | Found a blossoming altar of Fedhas.
  6814 | D:8      | Reached XP level 10. HP: 63/65 MP: 13/13
  6896 | D:8      | Reached skill level 10 in Earth Magic
  6935 | D:8      | Noticed Gastronok
  7720 | D:9      | Noticed a death knight
  7741 | D:9      | Killed a death knight
  7834 | D:9      | Offered knowledge of Static Discharge by Vehumet.
  7835 | D:9      | Noticed a kobold demonologist
  7842 | D:9      | Reached ** piety under Vehumet
  7844 | D:9      | Noticed a smoke demon
  7847 | D:9      | Killed a kobold demonologist
  7961 | D:9      | Found an iron altar of Okawaru.
  8042 | D:9      | Found a basalt altar of Yredelemnul.
  8190 | D:9      | Reached skill level 11 in Earth Magic
  8412 | D:9      | Found a broken altar of Ashenzari.
  8421 | D:9      | Noticed Erica
  8444 | D:9      | Gained mutation: You are strong-willed. (Will+) [potion of
                  | mutation]
  8444 | D:9      | Gained mutation: You possess an exceptional clarity of
                  | mind. [potion of mutation]
  8444 | D:9      | Gained mutation: Your skin blends seamlessly with your
                  | surroundings (Stealth++). [potion of mutation]
  8450 | D:9      | Learned a level 2 spell: Passwall
  8651 | D:9      | Learned a level 4 spell: Iskenderun's Mystic Blast
  8687 | D:9      | Found a sparkling altar of Nemelex Xobeh.
  8791 | D:9      | Reached skill level 1 in Translocations
  9366 | D:10     | Identified the "Wicyc"
  9366 | D:10     | Identified the of Xigo
  9366 | D:10     | Identified the "Obupp"
  9366 | D:10     | Entered Level 10 of the Dungeon
  9418 | D:10     | Noticed an elephant
  9433 | D:9      | Killed an elephant
  9434 | D:9      | Reached XP level 11. HP: 50/70 MP: 9/16
  9560 | D:10     | Found a staircase to the Lair.
  9619 | D:10     | Found Moqowik's Book Emporium.
  9929 | D:10     | Found a staircase to the Orcish Mines.
  9953 | D:10     | Offered knowledge of Poisonous Vapours by Vehumet.
  9954 | D:10     | Reached skill level 5 in Spellcasting
 10045 | D:10     | Found an opulent altar of Gozag.
 10082 | D:10     | Found a shimmering blue altar of Sif Muna.
 10142 | D:10     | Bought a book of Dangerous Friends for 600 gold pieces
 10367 | D:10     | Reached skill level 5 in Translocations
 10411 | D:10     | Found a glowing silver altar of Zin.
 10707 | D:9      | Killed Erica
 10948 | Lair:1   | Entered Level 1 of the Lair of Beasts
 11308 | Lair:1   | Reached *** piety under Vehumet
 11616 | Lair:1   | Slain by a killer bee

Illustrated notes

Levels and vault maps discovered:
D:1:      spicycebolla_arrival_clurvy, layout_loops_cross,
          shapermc_ecumenical_altar_mp_vishouse, reono_crystal_passage,
          minmay_misc_feat_doors, grunt_decor_mini_mirrors
D:2:      layout_basic, uniq_jessica
D:3:      layout_basic, serial_forest, infiniplex_forest_straight_4,
          infiniplex_forest_straight_4, infiniplex_forest_end_2,
          infiniplex_forest_straight_4, infiniplex_forest_clump_large,
          infiniplex_forest_straight_1, infiniplex_forest_straight_5,
          infiniplex_forest_fountain, nrook_mini_backslash,
          minmay_misc_feat_four_crosses
D:4:      layout_loops_cross, minmay_temple_entry_offerings,
          nicolae_nh_ransacked_shop
D:5:      layout_loops_ring, regret_index_temple_of_mockery, serial_shops,
          nicolae_shop_waterfront, uniq_pikel
D:6:      layout_basic, mainiacjoe_overflow_alcove_2,
          grunt_temple_overflow_diamond, gup_sewer_entry_glass
D:7:      layout_loops_ring, mainiacjoe_overflow_alcove_1,
          mainiacjoe_overflow_big_doors, general_overflow_altar,
          makhleb_grotto_becter, uniq_prince_ribbit1
D:8:      layout_layer_cave, kennysheep_little_box, grunt_temple_overflow_open,
          minmay_crystal_water, uniq_gastronok
D:9:      nzn_winding_woodlands_cross [nzn_winding_woodlands_5x15_sidewinder,
          nzn_winding_woodlands_5x15_twine, nzn_winding_woodlands_5x15_cabin,
          nzn_winding_woodlands_5x15_longhouse,
          nzn_winding_woodlands_15x15_eel_pit], layout_grid_maze,
          mainiacjoe_overflow_concentric_impassable,
          mainiacjoe_overflow_six_doors_small, mainiacjoe_overflow_alcove_4,
          cheibrodos_ashenzari_chains, uniq_erica
D:10:     layout_cave_pools, pdpol_temple_overflow_zin_treasury_gozag_greed,
          mainiacjoe_overflow_surrounded_room, david_lair_generic, serial_shops,
          shop
D:11:     layout_layer_cave, st_stairs_8
Temple:   ebering_the_one_and_only
Lair:1:   layout_gridlike, special_room [special_room_bee],
          grunt_forest_small_clearing_treed, lemuel_fruit_tree,
          serial_bayou_shore_b

Skill      XL: |  1  2  3  4  5  6  7  8  9 10 11 |
---------------+----------------------------------+-----
Fighting       | 3 4 |  4.7
Dodging        | 4 5 |  5.2
Spellcasting   | 2 3 6 |  6.3
Earth Magic    | 2 5 8 9 11 | 11.0
Conjurations   | 4 7 8 9 |  9.9
Translocations | 3 5 |  5.0
Staves         | |  3.0
Throwing       | |  2.0

Action                     |  1- 3 |  4- 6 |  7- 9 | 10-12 || total
---------------------------+-------+-------+-------+-------++-------
  Melee: Quarterstaff      |    54 |   103 |     6 |       ||   163
         Constrict         |    12 |    19 |    39 |    30 ||   100
         Tentacles         |     7 |    36 |    35 |    26 ||   104
         Punch             |     1 |     2 |     1 |     2 ||     6
         Morningstar       |       |    31 |   139 |   104 ||   274
  Throw: Dart              |       |     8 |     7 |     1 ||    16
   Cast: Sandblast         |       |       |    22 |    22 ||    44
         Stone Arrow       |       |       |     2 |    58 ||    60
         Brom's Barrelling |       |       |     1 |     7 ||     8
         Passwall          |       |       |       |     1 ||     1
         Iskenderun's Myst |       |       |       |     7 ||     7
  Evoke: Wand              |       |       |       |     4 ||     4
    Use: Scroll            |       |     1 |    10 |     6 ||    17
         Potion            |       |     1 |     2 |     4 ||     7
   Stab: Sleeping          |     8 |     9 |     5 |     1 ||    23
         Distracted        |       |     1 |       |     1 ||     2
 Armour: Skin              |    20 |    31 |    79 |   103 ||   233
  Dodge: Dodged            |    28 |    39 |   145 |   117 ||   329

Table legend: (Time is in decaauts)
 A = Elapsed time spent in this place.
 B = Non-inter-level travel time spent in this place.
 C = Inter-level travel time spent in this place.
 D = Time resting spent in this place.
 E = Time spent auto-exploring this place.
 F = Levels seen in this place.
 G = Mean time per level.
                   A        B        C        D        E       F      G
               +--------+--------+--------+--------+--------+-----+--------+
         Total |  11794 |  10857 |    937 |    830 |   6580 |  14 |  842.4 |
       Dungeon |  10902 |   9966 |    936 |    700 |   6059 |  11 |  991.1 |
        Temple |      6 |      6 |      0 |      0 |      0 |   1 |    6.0 |
          Lair |    671 |    671 |      0 |    130 |    414 |   1 |  671.0 |
         Sewer |    214 |    214 |      0 |      0 |    107 |   1 |  214.0 |
               +--------+--------+--------+--------+--------+-----+--------+

Top non-repeatable levels by time:
     D:9: 2294 daAuts
     D:8: 1523 daAuts
    D:10: 1115 daAuts
     D:7: 943 daAuts
     D:6: 893 daAuts
     D:2: 878 daAuts
     D:5: 855 daAuts
     D:3: 855 daAuts
     D:1: 788 daAuts
     D:4: 697 daAuts
  Lair:1: 671 daAuts
   Sewer: 214 daAuts
    D:11: 56 daAuts
  Temple: 6 daAuts
